 Dungeon Crawl Stone Soup version 0.21.1-1-g345015f (webtiles) character file.

9781 theRoog the Severer (level 11, -7/99 HPs)
             Began as a Minotaur Berserker on Apr 26, 2018.
             Was a High Priest of Trog.
             Mangled by a frost giant
             ... wielding the +4 battleaxe of Extermination {freeze, rPois MR+ MP+9 Int+2}
              (19 damage)
             ... on level 10 of the Dungeon.
             The game lasted 00:17:39 (8649 turns).

theRoog the Severer (Minotaur Berserker)            Turns: 8649, Time: 00:17:40

Health: -7/99      AC: 20    Str: 30    XL:     11   Next: 27%
Magic:  0/10       EV:  9    Int:  4    God:    Trog [*****.]
Gold:   547        SH:  0    Dex: 10    Spells: 10/10 levels left

rFire    . . .     SeeInvis .   N - +2 battleaxe
rCold    + . .     Gourm    .   (shield currently unavailable)
rNeg     + . .     Faith    .   t - +2 plate armour {rC+}
rPois    .         Spirit   +   (helmet restricted)
rElec    .         Reflect  .   (no cloak)
rCorr    .         Harm     .   L - +0 pair of gloves
MR       .....                  S - +1 pair of boots {Stlth+}
Stlth    ..........             W - amulet of guardian spirit
HPRegen  0.26/turn              f - +5 ring of strength
MPRegen  0.12/turn              i - ring of positive energy

@: no status effects
A: retaliatory headbutt, horns 2
a: Berserk, Trog's Hand, Brothers in Arms, Burn Spellbooks, Renounce Religion


You were on level 10 of the Dungeon.
You worshipped Trog.
Trog was extremely pleased with you.
You were not hungry.

You visited 1 branch of the dungeon, and saw 10 of its levels.
You also visited: Sewer and Bailey.

You collected 610 gold pieces.
You spent 63 gold pieces at shops.

Inventory:

Hand Weapons
 B - a +0 war axe
 N - a +2 battleaxe (weapon)
Missiles
 h - 4 tomahawks (quivered)
 O - 4 needles of sleeping
 X - 4 needles of confusion
Armour
 q - a +0 buckler
 t - a +2 plate armour of cold resistance (worn)
 L - a +0 pair of gloves (worn)
 S - a +1 pair of boots of stealth (worn)
Jewellery
 d - an uncursed ring of wizardry
 f - a +5 ring of strength (left hand)
 i - a ring of positive energy (right hand)
 j - an uncursed amulet of harm
 D - an uncursed ring of fire
 H - an uncursed ring of fire
 W - an amulet of guardian spirit (around neck)
Wands
 C - a wand of polymorph (31)
 J - a wand of enslavement (17)
 M - a wand of paralysis (15)
Scrolls
 b - a scroll of fear {unknown}
 l - 2 scrolls of magic mapping
 p - 5 scrolls of remove curse
 u - 3 scrolls of random uselessness
 w - 3 scrolls of fog
 x - 4 scrolls of teleportation {unknown}
 y - 2 scrolls of blinking
 A - 3 scrolls of enchant weapon
 I - 2 scrolls of identify
 P - a scroll of vulnerability {unknown}
 Q - a scroll of enchant armour {unknown}
 R - a scroll of acquirement {unknown}
 V - a scroll of torment {unknown}
Potions
 a - a potion of mutation {unknown}
 e - a potion of resistance
 g - 2 potions of heal wounds
 k - 4 potions of berserk rage
 m - 3 potions of haste
 o - a potion of ambrosia
 r - a potion of cancellation
 s - a potion of brilliance
 v - 5 potions of might
 z - 2 potions of magic {unknown}
 E - a potion of degeneration {unknown}
 F - a potion of agility
 G - 5 potions of curing {unknown}
 T - a potion of experience {unknown}
Books
 n - a Young Poisoner's Handbook

   Spells                             Type                      Level
   a - Sting                          Conjuration/Poison           1
   b - Poisonous Vapours              Poison/Air                   2
   c - Mephitic Cloud                 Conjuration/Poison/Air       3
   d - Olgreb's Toxic Radiance        Poison                       4
   e - Venom Bolt                     Conjuration/Poison           5
   Trog disapproves of the use of such an item.
Miscellaneous
 U - a crystal ball of energy
Comestibles
 c - 10 rations


   Skills:
 + Level 10.1 Fighting
 + Level 15.1 Axes
 + Level 10.5 Armour
 + Level 3.1 Dodging
 + Level 0.6 Stealth
 + Level 2.2 Shields


You had 10 spell levels left.
You didn't know any spells.

Dungeon Overview and Level Annotations

Branches:
Dungeon (10/15)            Temple (0/1) D:7            Lair (0/6) D:10
    Orc: D:9-12

Altars:
Ashenzari
Dithmenos
Elyvilon
Fedhas
Gozag
Kikubaaqudgha
Nemelex Xobeh
Okawaru
Qazlal
Sif Muna
Trog
Vehumet
Wu Jian
Yredelemnul
Zin
The Shining One

Shops:
D:6 =   D:8 [


Innate Abilities, Weirdness & Mutations

You reflexively headbutt those who attack you in melee.
You have a pair of horns on your head.


Message History

The frost giant is severely wounded.
You slash the ice beast! The ice beast barely misses you.
You furiously retaliate!
You headbutt the ice beast. The frost giant casts a spell at you.
The bolt of cold hits you! You resist.
You hit the frost giant. You headbutt the frost giant!!
The frost giant is almost dead.
You closely miss the ice beast.
The ice beast hits you but does no damage.
The frost giant hits you with the battleaxe of Extermination {freeze}!!
* * * LOW HITPOINT WARNING * * *
The frost giant freezes you!
* * * LOW HITPOINT WARNING * * *
Your troll goes berserk!
You feel somewhat more hungry. The ice beast hits you.
* * * LOW HITPOINT WARNING * * *
The ice beast freezes you. You resist.
* * * LOW HITPOINT WARNING * * *
The frost giant hits you with the battleaxe of Extermination {freeze}!!
You die...

..#.. # .#.⌠ .#. ..#
..)# #... #... .⌠=
...# #..# .. #..#
####..##.##..#
########.###...YC..#
..........###..#@.#
...........###.T.##
#...........###.###.#
#...................#
#...................#
....................#
....................#
####.....(..........#
#................#


You could see a frost giant, an ice beast and a friendly troll (berserk).

Vanquished Creatures
  An orc warlord (Bailey)
  The ghost of yevrey the Dealer of Despair, a novice DDNe of Kikubaaqudgha (D:7)
  A cyclops (D:8)
  A gargoyle (D:10)
  A centaur skeleton (D:10)
  A rime drake (D:10)
  A troll (D:9)
  A hornet (D:9)
  A polar bear (D:10)
  4 wyverns
  A shadow (D:8)
  A basilisk (D:10)
  9 yaks (D:10)
  A hell hound (D:10)
  A black bear (D:7)
  3 orc warriors
  3 sky beasts
  A necrophage (D:8)
  3 ice beasts
  2 phantoms
  7 ogres
  4 centaurs
  4 bullfrogs
  A wyvern zombie (D:9)
  A scorpion (D:6)
  A wyvern skeleton (D:10)
  3 wights (D:8)
  3 howler monkeys (D:10)
  3 crimson imps
  A quasit (D:8)
  A bullfrog zombie (D:7)
  5 hounds
  4 orc wizards
  3 orc priests
  3 jellies
  2 bullfrog skeletons
  Jessica (D:3)
  2 iguanas
  8 worker ants
  A hound zombie (D:6)
  A hound skeleton (D:4)
  2 worker ant zombies (D:6)
  5 gnolls
  A river rat (D:3)
  18 adders
  A shadow imp (D:5)
  An ooze (D:5)
  2 adder zombies
  3 worms (D:3)
  2 dart slugs (D:1)
  6 leopard geckos
  23 orcs
  3 ball pythons (Sewer)
  7 bats
  5 giant cockroaches
  6 goblins
  10 hobgoblins
  12 jackals
  22 kobolds
  3 quokkas
  A ball python skeleton (D:4)
  3 frilled lizards
  A giant cockroach zombie (D:6)
  2 leopard gecko skeletons
  2 quokka skeletons (D:4)
  4 rats
  4 plants (Sewer)
246 creatures vanquished.

Notes
Turn   | Place    | Note
-------+----------+-------------------------------------------
     0 | D:1      | theRoog the Minotaur Berserker began the quest for the Orb.
     0 | D:1      | Reached XP level 1. HP: 19/19 MP: 0/0
   340 | D:1      | Reached XP level 2. HP: 24/27 MP: 1/1
   370 | D:1      | Reached skill level 4 in Axes
   758 | D:2      | Reached XP level 3. HP: 30/33 MP: 2/2
   841 | D:2      | Reached skill level 5 in Axes
  1423 | D:3      | Reached XP level 4. HP: 40/40 MP: 3/3
  1472 | D:3      | Reached ** piety under Trog
  1500 | D:3      | Noticed Jessica
  1504 | D:3      | Killed Jessica
  1548 | D:3      | Noticed an ogre
  1561 | D:3      | HP: 1/41 [ogre/giant club (27)]
  1562 | D:3      | Killed an ogre
  1562 | D:3      | Reached skill level 5 in Fighting
  1562 | D:3      | Reached skill level 6 in Axes
  1562 | D:3      | Reached XP level 5. HP: 2/48 MP: 4/4
  2042 | D:3      | Found a glowing drain.
  2057 | Sewer    | Entered a sewer
  2066 | Sewer    | Reached XP level 6. HP: 49/56 MP: 5/5
  2144 | Sewer    | Reached *** piety under Trog
  3208 | D:4      | Found a glowing silver altar of Zin.
  3236 | D:4      | Reached skill level 7 in Axes
  3586 | D:4      | Reached XP level 7. HP: 60/62 MP: 6/6
  3626 | D:4      | Found an ornate altar of the Wu Jian Council.
  3709 | D:4      | Reached skill level 5 in Armour
  3709 | D:4      | Reached skill level 1 in Shields
  3939 | D:5      | Entered Level 5 of the Dungeon
  4013 | D:5      | Reached **** piety under Trog
  4175 | D:5      | Found a sparkling altar of Nemelex Xobeh.
  4191 | D:5      | Reached skill level 8 in Axes
  4834 | D:6      | Reached XP level 8. HP: 46/71 MP: 7/7
  4920 | D:6      | Reached skill level 9 in Axes
  5095 | D:6      | Found Dunum's Jewellery Shoppe.
  5614 | D:7      | Found a shattered altar of Ashenzari.
  5651 | D:7      | Noticed yevrey's ghost (novice DDNe)
  5666 | D:7      | Killed yevrey's ghost
  5666 | D:7      | Reached skill level 10 in Axes
  5666 | D:7      | Reached XP level 9. HP: 53/81 MP: 8/8
  5814 | D:7      | Found a staircase to the Ecumenical Temple.
  5844 | D:7      | Found a radiant altar of Vehumet.
  5844 | D:7      | Found a glowing golden altar of the Shining One.
  5846 | D:7      | Found an opulent altar of Gozag.
  5846 | D:7      | Found a bloodstained altar of Trog.
  5848 | D:7      | Found an ancient bone altar of Kikubaaqudgha.
  5848 | D:7      | Found a deep blue altar of Sif Muna.
  5853 | D:7      | Reached ***** piety under Trog
  5868 | D:7      | Found a stormy altar of Qazlal.
  6034 | D:7      | Found an iron altar of Okawaru.
  6352 | D:7      | Reached skill level 11 in Axes
  6391 | D:7      | Found a blossoming altar of Fedhas.
  6576 | D:8      | Found Vinues Rouh's Armour Emporium.
  6584 | D:8      | Bought a +0 pair of gloves for 63 gold pieces
  6627 | D:8      | Received a gift from Trog
  6784 | D:8      | Found a flagged portal.
  6843 | Bailey   | Entered a bailey
  6849 | Bailey   | Noticed an orc warlord
  6925 | Bailey   | Found a runed gate.
  6927 | Bailey   | Found a runed gate.
  6929 | Bailey   | Found a runed gate.
  7073 | Bailey   | Killed an orc warlord
  7073 | Bailey   | Reached skill level 12 in Axes
  7073 | Bailey   | Reached XP level 10. HP: 61/90 MP: 9/9
  7262 | D:8      | Reached skill level 13 in Axes
  7407 | D:8      | Noticed a cyclops
  7415 | D:8      | Killed a cyclops
  7429 | D:8      | Found a shadowy altar of Dithmenos.
  7668 | D:9      | Found a white marble altar of Elyvilon.
  8049 | D:9      | Found a basalt altar of Yredelemnul.
  8270 | D:10     | Entered Level 10 of the Dungeon
  8279 | D:10     | Noticed a gargoyle
  8284 | D:10     | Reached skill level 14 in Axes
  8286 | D:10     | Killed a gargoyle
  8286 | D:10     | Reached skill level 10 in Armour
  8288 | D:10     | Received a gift from Trog
  8415 | D:10     | Reached XP level 11. HP: 94/99 MP: 10/10
  8490 | D:10     | Found a staircase to the Lair.
  8597 | D:10     | Reached skill level 10 in Fighting
  8634 | D:10     | Noticed a frost giant
  8638 | D:10     | Reached skill level 15 in Axes
  8649 | D:10     | Identified the +4 battleaxe of Extermination {freeze, rPois MR+ MP+9 Int+2}
  8649 | D:10     | Mangled by a frost giant

Skill      XL: |  1  2  3  4  5  6  7  8  9 10 11 |
---------------+----------------------------------+-----
Axes           | 4 5 6 7 8 10 12 14 15 | 15.1
Fighting       | 4 5 6 7 8 9 10 | 10.1
Armour         | 3 4 6 7 8 10 | 10.5
Shields        | 1 2 |  2.2
Dodging        | 3 |  3.1
Stealth        | |  0.6

Action                   |  1- 3 |  4- 6 |  7- 9 | 10-12 || total
-------------------------+-------+-------+-------+-------++-------
Melee: Hand axe          |    57 |   282 |    18 |       ||   357
       Headbutt          |     3 |    62 |    41 |    43 ||   149
       War axe           |       |       |   136 |       ||   136
       Battleaxe         |       |       |    70 |   137 ||   207
Invok: Trog's Hand       |       |     1 |       |       ||     1
       Berserk           |       |     2 |     1 |       ||     3
       Brothers in Arms  |       |       |       |     1 ||     1
  Use: Scroll            |       |     4 |    12 |       ||    16
       Potion            |       |       |     2 |       ||     2
  Eat: Ration            |       |     3 |     3 |     1 ||     7
       Chunk             |       |     2 |     3 |       ||     5
Armor: Animal skin       |     6 |       |       |       ||     6
       Ring mail         |    11 |     3 |       |       ||    14
       Plate armour      |       |   111 |   169 |    94 ||   374
Dodge: Dodged            |    31 |    72 |   128 |    70 ||   301
Block: Buckler           |     3 |    18 |    14 |       ||    35
